 Dungeon Crawl Stone Soup version 0.17-a0-1572-g7a1422d (webtiles) character file.

514 carl the Covert (level 7, 0/32 HPs)
             Began as a Spriggan Enchanter on July 25, 2015.
             Was a Follower of Ru.
             Slain by a gnoll shaman
             ... wielding a +0 club
              (10 damage)
             ... on level 3 of the Dungeon.
             The game lasted 00:11:57 (3959 turns).

carl the Covert (Spriggan Enchanter)                Turns: 3959, Time: 00:11:57

Health: 0/32       AC:  6    Str:  4    XL:     7   Next: 0%
Magic:  4/12       EV: 18    Int: 20    God:    Ru [*.....]
Gold:   205        SH:  0    Dex: 17    Spells: 3 memorised, 5 levels left

rFire  . . .     SeeInvis +     m - +3 dagger
rCold  . . .     Clarity  .     b - +1 robe
rNeg   . . .     SustAt   .     (shield restricted)
rPois  +         Gourm    .     (helmet restricted)
rElec  .         Spirit   .     v - +2 cloak
rCorr  .         Warding  .     (gloves unavailable)
rMut   .         Stasis   .     (boots unavailable)
MR     ++...                    (no amulet)
Stlth  +++++.....               n - ring of poison resistance
                                u - ring of protection from magic (curse)

@: very quick, very resistant to hostile enchantments, quite stealthy
A: unfitting armour, see invisible, clever 1, herbivore 3, speed 3, sense
surroundings 1, slow metabolism 2, inability to train armour, MP-powered wands
a: Renounce Religion


You were on level 3 of the Dungeon.
You worshipped Ru.
Ru was aware of your devotion.
You were full.

You visited 1 branch of the dungeon, and saw 4 of its levels.
You also visited: Sewer.

You collected 205 gold pieces.

Inventory:

Hand weapons
 j - a +0 short sword
 m - a +3 dagger (weapon)
Missiles
 o - 16 poisoned needles
Armour
 b - a +1 robe (worn)
 v - a +2 cloak (worn)
Jewellery
 n - a ring of poison resistance (right hand)
 u - a cursed ring of protection from magic (left hand)
Magical devices
 i - a wand of polymorph (1)
Scrolls
 a - 3 scrolls of fear {unknown}
 e - 3 scrolls of enchant armour {unknown}
 f - 2 scrolls of recharging {unknown}
 g - 2 scrolls of enchant weapon {unknown}
 k - 5 scrolls of remove curse {unknown}
 l - a scroll of noise {unknown}
 p - 2 scrolls of amnesia {unknown}
 q - 4 scrolls of magic mapping {unknown}
 r - 2 scrolls of teleportation {unknown}
 s - a scroll of immolation {unknown}
 t - 5 scrolls of identify {unknown}
 y - 4 scrolls of blinking {unknown}
 B - a scroll of fog {unknown}
Potions
 h - a potion of might {unknown}
 w - a potion of cancellation {unknown}
 x - 4 potions of curing
Books
 c - a book of Maledictions

   Spells                             Type                      Level
   a - Corona                         Hexes                        1
   b - Ensorcelled Hibernation        Hexes/Ice                    2
   c - Confuse                        Hexes                        3
   d - Tukima's Dance                 Hexes                        3
   e - Dazzling Spray                 Conjuration/Hexes            3
Comestibles
 d - 2 bread rations


   Skills:
 + Level 5.8 Short Blades
 - Level 3.0 Dodging
 + Level 9.1 Stealth
 - Level 2.6 Spellcasting
 - Level 3.6 Hexes


You had 5 spell levels left.
You knew the following spells:

 Your Spells              Type           Power        Failure   Level  Hunger
a - Corona                Hex            ###....      3%          1    None
b - Ensorcelled Hibernat  Hex/Ice        #.....       14%         2    ##.....
c - Confuse               Hex            ###.....     12%         3    ###....


Dungeon Overview and Level Annotations

Branches:
Dungeon (4/15)
 Temple: D:4-7

Altars:
Ru
Xom


Innate Abilities, Weirdness & Mutations

You are tiny and cannot use many weapons and most armour.
You have supernaturally acute eyesight.
You are a herbivore.
You cover ground extremely quickly.
You need consume almost no food.
You cannot train Armour skill.
Your mind is acute. (Int +2)
You passively map a small area around you.
You expend magic power (3 MP) to strengthen your wands.


Message History

You hit the gnoll shaman.
The gnoll shaman is heavily wounded.
The gnoll shaman barely misses you.
You barely miss the gnoll shaman.
The gnoll shaman is heavily wounded.
The gnoll shaman closely misses you.
You barely miss the gnoll shaman.
The gnoll shaman is heavily wounded.
You hit the gnoll shaman.
The gnoll shaman is heavily wounded.
The gnoll shaman closely misses you.
You barely miss the gnoll shaman.
The gnoll shaman is heavily wounded.
You hit the gnoll shaman but do no damage.
The gnoll shaman is heavily wounded.
The gnoll shaman hits you with a club!
You hit the gnoll shaman.
The gnoll shaman is severely wounded.
The gnoll shaman hits you with a club!
You die...

..# ..#
..#############
..............#
..#.........).#
..#.##############
#.#.# #.......#
..#.######.#####.#
...............g@#
#...###....#######
#...# #....# #...#
#..).#
#.#.###....##
#.#.........#
#.##.####...#
#...........#
........#(#.#


You could see a gnoll shaman.

Vanquished Creatures
  Purgy (Sewer)
  The ghost of Alipheese the Poker, an average NaSk (D:3)
  2 orc wizards
  Terence (D:3)
  6 gnolls
  7 adders
  An ooze (D:4)
  3 worms
  5 giant geckos
  6 orcs (D:4)
  A ball python (D:3)
  14 bats
  A bat skeleton (D:4)
  8 giant cockroaches
  10 goblins
  7 hobgoblins
  14 jackals
  11 kobolds
  2 quokkas
  5 giant newts
  5 rats
111 creatures vanquished.

Notes
Turn   | Place    | Note
--------------------------------------------------------------
     0 | D:1      | carl the Spriggan Enchanter began the quest for the Orb.
     0 | D:1      | Reached XP level 1. HP: 9/9 MP: 5/5
   192 | D:1      | Reached XP level 2. HP: 11/13 MP: 6/6
   196 | D:1      | Learned a level 2 spell: Ensorcelled Hibernation
   597 | D:1      | Reached skill level 5 in Stealth
   697 | D:2      | Found a shimmering altar of Xom.
   737 | D:2      | Found a sacrificial altar of Ru.
   747 | D:2      | Became a worshipper of Ru the Awakened
  1043 | D:2      | Reached XP level 3. HP: 14/16 MP: 0/8
  1048 | D:2      | Learned a level 3 spell: Confuse
  1478 | D:2      | Gained mutation: You expend magic power (3 MP) to strengthen your wands. [potion of mutation]
  1478 | D:2      | Gained mutation: You passively map a small area around you. [potion of mutation]
  1478 | D:2      | Gained mutation: Your mind is acute. (Int +2) [potion of mutation]
  1520 | D:2      | Reached skill level 6 in Stealth
  1687 | D:2      | Reached XP level 4. HP: 14/21 MP: 4/9
  2066 | D:3      | Reached XP level 5. HP: 18/24 MP: 1/10
  2213 | D:3      | Noticed Alipheese's ghost (average NaSk)
  2384 | D:3      | Found a glowing drain.
  2388 | Sewer    | Entered a sewer
  2533 | Sewer    | Noticed Purgy
  2539 | Sewer    | Killed Purgy
  2539 | Sewer    | Reached skill level 7 in Stealth
  2772 | D:3      | Noticed Terence
  2789 | D:3      | Killed Terence
  2789 | D:3      | Reached XP level 6. HP: 22/28 MP: 1/11
  2915 | D:3      | Reached skill level 8 in Stealth
  2971 | D:3      | Reached skill level 5 in Short Blades
  3036 | D:3      | Gained mutation: You cannot train Armour skill. [Ru sacrifice]
  3036 | D:3      | Acquired Ru's first power
  3224 | D:3      | Killed Alipheese's ghost
  3569 | D:4      | Reached skill level 9 in Stealth
  3930 | D:4      | Reached XP level 7. HP: 32/32 MP: 9/12
  3959 | D:3      | Slain by a gnoll shaman

Vault maps used:
D:1:      ncdulo_smallfort, serial_curves, eino_curves_03, eino_curves_01
D:2:      forest_paths, grunt_temple_overflow_open
D:3:      gup_sewer_entry_bowl, uniq_terence
D:4:      kennysheep_mini_moat, serial_shops, kennysheep_mini, first_bread
Sewer:    sewer_co_purgy_island

Action                   |  1- 3 |  4- 6 |  7- 9 || total
-------------------------+-------+-------+-------++-------
Melee: Dagger            |   133 |   206 |    20 ||   359
 Cast: Ensorcelled Hiber |    13 |    16 |     4 ||    33
       Confuse           |       |     5 |       ||     5
Invok: Sacrifice Durabil |       |     1 |       ||     1
  Use: Potion            |     4 |     6 |       ||    10
 Stab: Sleeping          |    18 |    24 |       ||    42
       Confused          |       |     5 |       ||     5
       Distracted        |       |     3 |       ||     3
  Eat: Fruit             |       |     2 |       ||     2
       Bread ration      |       |     1 |       ||     1
       Pizza             |       |     1 |       ||     1
